AAA EAST
LEHIGH VALLEY IRONPIGS @ ST. PAUL SAINTS
05/05/2042
 
TOP OF THE 1ST
Lehigh Valley IronPigs batting - Pitching for St. Paul Saints : LHP Manny Fernández
Pitching: LHP Manny Fernández
Batting: RHB Bo McCall 0-0: Ball
1-0: Fly out, F8 (Flyball, 78S, EV 95.6 MPH)
Batting: RHB Kawsen Al-Sadat 0-0: Called Strike
0-1: Ball
1-1: Fly out, F7 (Line Drive, 7, EV 94.4 MPH)
Batting: RHB José López 0-0: Called Strike
0-1: Ball
1-1: Ball
2-1: Ball
3-1: Foul Ball, location: 5F
3-2: Foul Ball, location: 9LMF
3-2: Fly out, F8 (Flyball, 8RD, EV 104.4 MPH)
Top of the 1st over - 0 runs, 0 hits, 0 errors, 0 left on base; Lehigh Valley 0 - St. Paul 0
BOTTOM OF THE 1ST
St. Paul Saints batting - Pitching for Lehigh Valley IronPigs : RHP Jon Jones
Pitching: RHP Jon Jones
Batting: RHB António Ortíz 0-0: Ball
1-0: Foul Ball, location: 25F
1-1: Foul Ball, location: 2F
1-2: Strikes out swinging
Batting: LHB Rubén Rosete 0-0: Swinging Strike
0-1: Ball
1-1: Ball
2-1: Ball
3-1: Base on Balls
Batting: RHB Leonardo Boccasino 0-0: Ball
1-0: Called Strike
1-1: Ball
2-1: Ball
3-1: Foul Ball, location: 9LSF
3-2: Grounds into double play, 4-6-3 (Groundball, 4, EV 87.5 MPH)
Bottom of the 1st over - 0 runs, 0 hits, 0 errors, 0 left on base; Lehigh Valley 0 - St. Paul 0
TOP OF THE 2ND
Lehigh Valley IronPigs batting - Pitching for St. Paul Saints : LHP Manny Fernández
Batting: LHB Tim McCall 0-0: Ball
1-0: Foul Ball, location: 5FF
1-1: Called Strike
1-2: Ball
2-2: Strikes out swinging, 2-3 out at first.
Batting: LHB Don Ross 0-0: Ball
1-0: Called Strike
1-1: Swinging Strike
1-2: Foul Ball, location: 2F
1-2: Ball
2-2: Ball
3-2: Strikes out swinging
Batting: LHB Pepe González 0-0: Called Strike
0-1: Swinging Strike
0-2: Ball
1-2: Ball
2-2: Strikes out looking
Top of the 2nd over - 0 runs, 0 hits, 0 errors, 0 left on base; Lehigh Valley 0 - St. Paul 0
BOTTOM OF THE 2ND
St. Paul Saints batting - Pitching for Lehigh Valley IronPigs : RHP Jon Jones
Batting: LHB Joe McMahon 0-0: Called Strike
0-1: Fly out, F8 (Flyball, 8LXD, EV 105.6 MPH)
Batting: RHB Jesús Carranza 0-0: Ball
1-0: Foul Ball, location: 5F
1-1: Foul Ball, location: 9LMF
1-2: Foul Ball, location: 9LMF
1-2: Ball
2-2: Ball
3-2: Foul Ball, location: 2F
3-2: SINGLE (Groundball, 6MD, EV 103.1 MPH)
Batting: LHB José Toledo 0-0: Swinging Strike
0-1: Ball
1-1: Grounds into double play, 4-6-3 (Groundball, 4, EV 94.4 MPH)
Bottom of the 2nd over - 0 runs, 1 hit, 0 errors, 0 left on base; Lehigh Valley 0 - St. Paul 0
TOP OF THE 3RD
Lehigh Valley IronPigs batting - Pitching for St. Paul Saints : LHP Manny Fernández
Batting: SHB Phil Wagner 0-0: Ball
1-0: SINGLE (Groundball, 6D, EV 96.3 MPH)
Batting: RHB Raúl Hernández 0-0: Sac Bunt to 15 - play at first, batter OUT! 1-3
Phil Wagner to second
Batting: LHB Tim Thomas 0-0: Ball
1-0: Called Strike
1-1: Ball
Wild Pitch!
Phil Wagner to third
2-1: Foul Ball, location: 3F
2-2: Ball
3-2: Strikes out swinging
Batting: RHB Bo McCall 0-0: Called Strike
0-1: Ball
1-1: Ball
2-1: Foul Ball, location: 7LDF
2-2: Ground out 6-3 (Groundball, 6, EV 101.9 MPH)
Top of the 3rd over - 0 runs, 1 hit, 0 errors, 1 left on base; Lehigh Valley 0 - St. Paul 0
BOTTOM OF THE 3RD
St. Paul Saints batting - Pitching for Lehigh Valley IronPigs : RHP Jon Jones
Batting: LHB Jeremy Rossano 0-0: Ball
1-0: Swinging Strike
1-1: Ball
2-1: Ball
3-1: Base on Balls
Batting: LHB Jeremy Castle 0-0: SINGLE (Line Drive, 4M, EV 106.3 MPH)
Jeremy Rossano to second
Batting: RHB José Chacón 0-0: Ball
1-0: Sac Bunt to 13S - play at first, batter OUT! 1-4
Jeremy Rossano to third
Jeremy Castle to second
Batting: RHB António Ortíz 0-0: Ball
1-0: Swinging Strike
1-1: Fly out, F7 (Line Drive, 7, EV 89.4 MPH)
Runner from 3rd tags up, SCORES, no throw by LF
Batting: LHB Rubén Rosete 0-0: Ball
1-0: Ball
2-0: Called Strike
2-1: Ball
3-1: Base on Balls
Batting: RHB Leonardo Boccasino 0-0: 3-RUN HOME RUN (Flyball, 78XD, EV 111.3 MPH), Distance : 436 ft
Batting: LHB Joe McMahon 0-0: Called Strike
0-1: Ball
1-1: Fly out, F8 (Flyball, 8RD, EV 98.8 MPH)
Bottom of the 3rd over - 4 runs, 2 hits, 0 errors, 0 left on base; Lehigh Valley 0 - St. Paul 4
TOP OF THE 4TH
Lehigh Valley IronPigs batting - Pitching for St. Paul Saints : LHP Manny Fernández
Batting: RHB Kawsen Al-Sadat 0-0: Ball
1-0: Called Strike
1-1: Foul Ball, location: 2F
1-2: Ball
2-2: Ball
3-2: Ground out 4-3 (Groundball, 4MS, EV 85.6 MPH)
Batting: RHB José López 0-0: Called Strike
0-1: Ball
1-1: Ball
2-1: Ball
3-1: Base on Balls
Batting: LHB Tim McCall 0-0: SINGLE (Groundball, 34D, EV 100.6 MPH)
José López to second
Throwing error, E9
José López scores
Tim McCall to second
Batting: LHB Don Ross 0-0: DOUBLE (Groundball, 3L, EV 101.3 MPH)
Tim McCall scores
Batting: LHB Pepe González 0-0: Foul Ball, location: 2F
0-1: Ball
1-1: Ball
2-1: Hit by Pitch
Batting: SHB Phil Wagner 0-0: Called Strike
0-1: Called Strike
0-2: Strikes out swinging
Batting: RHB Raúl Hernández 0-0: Called Strike
0-1: Foul Ball, location: 7LSF
0-2: Strikes out looking
Top of the 4th over - 2 runs, 2 hits, 1 error, 2 left on base; Lehigh Valley 2 - St. Paul 4
BOTTOM OF THE 4TH
St. Paul Saints batting - Pitching for Lehigh Valley IronPigs : RHP Jon Jones
Batting: RHB Jesús Carranza 0-0: Called Strike
0-1: Ball
1-1: Ball
2-1: Ball
3-1: Base on Balls
Batting: LHB José Toledo 0-0: DOUBLE (Line Drive, 89M, EV 98.1 MPH)
Jesús Carranza to third
Batting: LHB Jeremy Rossano 0-0: Called Strike
0-1: Ball
1-1: Foul Ball, location: 3FF
1-2: Fly out, F9 (Flyball, 9D, EV 100.6 MPH)
Runner from 3rd tags up, OUT at HOME! 9-2
José Toledo to third
Batting: LHB Jeremy Castle 0-0: Ball
1-0: Foul Ball, location: 2F
1-1: Called Strike
1-2: Ball
2-2: Ground out 4-3 (Groundball, 34D, EV 98.8 MPH)
Bottom of the 4th over - 0 runs, 1 hit, 0 errors, 1 left on base; Lehigh Valley 2 - St. Paul 4
TOP OF THE 5TH
Lehigh Valley IronPigs batting - Pitching for St. Paul Saints : LHP Manny Fernández
Batting: LHB Tim Thomas 0-0: Called Strike
0-1: Swinging Strike
0-2: Ball
1-2: Foul Ball, location: 3FF
1-2: Strikes out swinging
Batting: RHB Bo McCall 0-0: Called Strike
0-1: Called Strike
0-2: Ball
1-2: Hit by Pitch
Batting: RHB Kawsen Al-Sadat 0-0: Foul Ball, location: 2RF
0-1: Ball
1-1: Ball
2-1: Foul Ball, location: 3FF
2-2: SINGLE (Groundball, 3S, EV 63.8 MPH) (infield hit)
Bo McCall to second
Batting: RHB José López 0-0: Called Strike
0-1: Ball
1-1: Ball
Passed Ball!
Bo McCall to third
Kawsen Al-Sadat to second
2-1: Fly out, F8 (Line Drive, 89S, EV 85.0 MPH)
Batting: LHB Tim McCall 0-0: Called Strike
0-1: Foul Ball, location: 2F
0-2: Ball
1-2: Foul Ball, location: 2F
1-2: Strikes out swinging
Top of the 5th over - 0 runs, 1 hit, 0 errors, 2 left on base; Lehigh Valley 2 - St. Paul 4
BOTTOM OF THE 5TH
St. Paul Saints batting - Pitching for Lehigh Valley IronPigs : RHP Jon Jones
Batting: RHB José Chacón 0-0: Fly out, F9 (Flyball, 9LS, EV 82.5 MPH)
Batting: RHB António Ortíz 0-0: Called Strike
0-1: Ball
1-1: Swinging Strike
1-2: Strikes out looking
Batting: LHB Rubén Rosete 0-0: Called Strike
0-1: Ground out 4-3 (Groundball, 4, EV 82.5 MPH)
Bottom of the 5th over - 0 runs, 0 hits, 0 errors, 0 left on base; Lehigh Valley 2 - St. Paul 4
TOP OF THE 6TH
Lehigh Valley IronPigs batting - Pitching for St. Paul Saints : LHP Manny Fernández
Pitching: RHP Rob Rush
Batting: LHB Don Ross 0-0: Called Strike
0-1: Ground out 6-3 (Groundball, 6, EV 103.8 MPH)
Batting: LHB Pepe González 0-0: Fly out, F7 (Line Drive, 7S, EV 100.0 MPH)
Batting: SHB Phil Wagner 0-0: Foul Ball, location: 9LSF
0-1: SINGLE (Groundball, 4, EV 87.5 MPH)
Batting: RHB Raúl Hernández 0-0: Called Strike
0-1: Swinging Strike
0-2: Ball
1-2: Ball
2-2: Strikes out swinging
Top of the 6th over - 0 runs, 1 hit, 0 errors, 1 left on base; Lehigh Valley 2 - St. Paul 4
BOTTOM OF THE 6TH
St. Paul Saints batting - Pitching for Lehigh Valley IronPigs : RHP Jon Jones
Batting: RHB Leonardo Boccasino 0-0: Ball
1-0: Called Strike
1-1: DOUBLE (Flyball, 7D, EV 94.4 MPH)
Batting: LHB Joe McMahon 0-0: Fly out, F8 (Flyball, 8RD, EV 106.3 MPH)
Batting: RHB Jesús Carranza 0-0: Ball
1-0: Ball
2-0: Foul Ball, location: 23FF
2-1: SINGLE (Groundball, 6MD, EV 98.1 MPH)
Leonardo Boccasino to third
Runner from 3rd tries for Home, SAFE, throw by CF to home
Pitching: RHP Scotty Robinson
Batting: LHB José Toledo 0-0: Called Strike
0-1: Ball
1-1: Foul Ball, location: 3SF
1-2: Ball
2-2: Ball
3-2: Foul Ball, location: 7LSF
3-2: Strikes out swinging
Batting: LHB Jeremy Rossano 0-0: Called Strike
0-1: Ball
1-1: Swinging Strike
1-2: Fielders Choice at 2nd, 5-4 (Groundball, 56, EV 88.1 MPH)
Bottom of the 6th over - 1 run, 2 hits, 0 errors, 1 left on base; Lehigh Valley 2 - St. Paul 5
TOP OF THE 7TH
Lehigh Valley IronPigs batting - Pitching for St. Paul Saints : RHP Rob Rush
Batting: LHB Tim Thomas 0-0: Fly out, F8 (Flyball, 8LM, EV 75.6 MPH)
Batting: RHB Bo McCall 0-0: Called Strike
0-1: Ball
1-1: Foul Ball, location: 2F
1-2: Strikes out looking
Batting: RHB Kawsen Al-Sadat 0-0: Ball
1-0: Ball
2-0: Called Strike
2-1: Ball
3-1: Foul Ball, location: 2F
3-2: Foul Ball, location: 2F
3-2: Base on Balls
Batting: RHB José López 0-0: Ball
Kawsen Al-Sadat steals 2nd base
1-0: Called Strike
1-1: SINGLE (Groundball, 34D, EV 100.6 MPH)
Kawsen Al-Sadat to third
Runner from 3rd tries for Home, SAFE, throw by RF to home
Batting: LHB Tim McCall 0-0: Called Strike
0-1: 2-RUN HOME RUN (Line Drive, 9LD, EV 91.9 MPH), Distance : 330 ft
Pitching: RHP Zare Turovtsev
Batting: LHB Don Ross 0-0: Foul Ball, location: 2F
0-1: Ball
1-1: Fly out, F8 (Line Drive, 89M, EV 85.6 MPH)
Top of the 7th over - 3 runs, 2 hits, 0 errors, 0 left on base; Lehigh Valley 5 - St. Paul 5
BOTTOM OF THE 7TH
St. Paul Saints batting - Pitching for Lehigh Valley IronPigs : RHP Scotty Robinson
Batting: LHB Jeremy Castle 0-0: Called Strike
0-1: Foul Ball, location: 3FF
0-2: Ground out U3 (Groundball, 3, EV 89.4 MPH)
Batting: RHB José Chacón 0-0: Ball
1-0: Foul Ball, location: 2F
1-1: Ball
2-1: Called Strike
2-2: Foul Ball, location: 23F
2-2: SINGLE (Groundball, 34D, EV 100.0 MPH)
Batting: RHB António Ortíz 0-0: SINGLE (Line Drive, 8RS, EV 97.5 MPH)
José Chacón to second
Runner from 2nd tries for 3rd, SAFE, throw by CF made to third
Batting: LHB Rubén Rosete 0-0: Ball
1-0: Fielders Choice attempt at home, Runner SAFE. 6-2 (Groundball, 6, EV 108.8 MPH)
António Ortíz to second
Batting: RHB Leonardo Boccasino 0-0: Ground out 6-3 (Groundball, 6M, EV 99.4 MPH)
António Ortíz to third
Rubén Rosete to second
Pitching: LHP César Castro
Batting: LHB Joe McMahon 0-0: Ball
1-0: Foul Ball, location: 5FF
1-1: Foul Ball, location: 3FF
1-2: Ball
2-2: Strikes out swinging
Bottom of the 7th over - 1 run, 2 hits, 0 errors, 2 left on base; Lehigh Valley 5 - St. Paul 6
TOP OF THE 8TH
Lehigh Valley IronPigs batting - Pitching for St. Paul Saints : RHP Zare Turovtsev
Batting: LHB Pepe González 0-0: SOLO HOME RUN (Flyball, 78XD, EV 105.0 MPH), Distance : 430 ft
Batting: SHB Phil Wagner 0-0: Ball
1-0: Ball
2-0: Ball
3-0: Base on Balls
Batting: RHB Raúl Hernández 0-0: Bunted foul
0-1: Bunted foul
0-2: Ball
1-2: Ball
Passed Ball!
Phil Wagner to second
2-2: Foul Ball, location: 5SF
2-2: Foul Ball, location: 9LMF
2-2: Foul Ball, location: 9LDF
2-2: Ground out 5-3 (Groundball, 5, EV 93.1 MPH)
Batting: LHB Tim Thomas 0-0: Intentional Walk
Pinch Hitting: LHB Noel Sullivan 0-0: Ball
1-0: Ball
2-0: Foul Ball, location: 7LDF
2-1: Ball
3-1: Base on Balls
Phil Wagner to third
Tim Thomas to second
Pinch Hitting: LHB José Velasco 0-0: SINGLE (Groundball, 34D, EV 93.8 MPH)
Phil Wagner scores
Tim Thomas to third
Noel Sullivan to second
Batting: RHB José López 0-0: Called Strike
0-1: Swinging Strike
0-2: Fly out, F8 (Flyball, 8LD, EV 100.6 MPH)
Runner from 3rd tags up, SCORES, throw by CF
Pitching: LHP Jorge Vélez
Pinch Hitting: RHB Rusty Miller 0-0: Foul Ball, location: 2F
0-1: Foul Ball, location: 2F
0-2: Ball
1-2: Foul Ball, location: 3FF
1-2: Ball
2-2: SINGLE (Groundball, 4MD, EV 103.8 MPH)
Noel Sullivan to third
José Velasco to second
Runner from 3rd tries for Home, SAFE, throw by CF to home
Batting: LHB Don Ross 0-0: Ball
1-0: Ball
2-0: Foul Ball, location: 2F
2-1: Fly out, F8 (Flyball, 8RD, EV 76.9 MPH)
Top of the 8th over - 4 runs, 3 hits, 0 errors, 2 left on base; Lehigh Valley 9 - St. Paul 6
BOTTOM OF THE 8TH
St. Paul Saints batting - Pitching for Lehigh Valley IronPigs : LHP César Castro
Now at 1B: Don Ross
Now at 2B: Rusty Miller
Now at 3B: Jeremy Mitchell
Now at SS: José López
Now in LF: Raúl Hernández
Now in CF: José Valdéz
Now in RF: Pepe González
Batting: RHB Jesús Carranza 0-0: Swinging Strike
0-1: Ball
1-1: Foul Ball, location: 23FF
1-2: SINGLE (Groundball, 56D, EV 103.8 MPH)
Batting: LHB José Toledo 0-0: Ball
1-0: Foul Ball, location: 2F
1-1: SINGLE (Line Drive, 6MD, EV 98.1 MPH)
Jesús Carranza to second
Batting: LHB Jeremy Rossano 0-0: Ball
1-0: Swinging Strike
1-1: Ball
2-1: Ball
3-1: Base on Balls
Jesús Carranza to third
José Toledo to second
Batting: LHB Jeremy Castle 0-0: Ball
1-0: Grounds into fielders choice 4-2 (Groundball, 34, EV 89.4 MPH)
José Toledo to third
Jeremy Rossano to second
Batting: RHB José Chacón 0-0: Grounds into fielders choice 6-2 (Groundball, 6S, EV 75.0 MPH)
Jeremy Rossano to third
Jeremy Castle to second
Batting: RHB António Ortíz 0-0: Called Strike
0-1: Foul Ball, location: 2LF
0-2: Foul Ball, location: 23F
0-2: Ball
1-2: Ball
2-2: Ball
3-2: Foul Ball, location: 23F
3-2: Foul Ball, location: 2F
3-2: Strikes out looking
Bottom of the 8th over - 0 runs, 2 hits, 0 errors, 3 left on base; Lehigh Valley 9 - St. Paul 6
TOP OF THE 9TH
Lehigh Valley IronPigs batting - Pitching for St. Paul Saints : LHP Jorge Vélez
Pitching: RHP Brad Hunter
Batting: LHB Pepe González 0-0: Called Strike
0-1: Ball
1-1: Ball
2-1: Ball
3-1: Base on Balls
Batting: SHB Phil Wagner 0-0: Called Strike
0-1: Called Strike
Pepe González steals 2nd base
0-2: Ball
1-2: Fly out, F5 (Popup, 5F, EV 61.9 MPH)
Batting: RHB Raúl Hernández 0-0: Called Strike
0-1: Swinging Strike
0-2: SINGLE (Groundball, 34D, EV 93.8 MPH)
Pepe González to third
Runner from 3rd tries for Home, throw by RF and OUT! 9-2
Raúl Hernández to second
Batting: LHB Tim Thomas 0-0: Foul Ball, location: 25FF
0-1: Called Strike
0-2: Fly out, F8 (Flyball, 89M, EV 78.1 MPH)
Top of the 9th over - 0 runs, 1 hit, 0 errors, 1 left on base; Lehigh Valley 9 - St. Paul 6
BOTTOM OF THE 9TH
St. Paul Saints batting - Pitching for Lehigh Valley IronPigs : LHP César Castro
Pitching: LHP Pat Shryock
Batting: LHB Rubén Rosete 0-0: Swinging Strike
0-1: Ball
1-1: Ball
2-1: Called Strike
2-2: Strikes out swinging
Batting: RHB Leonardo Boccasino 0-0: Called Strike
0-1: Fly out, F3 (Popup, 3SF, EV 88.1 MPH)
Pinch Hitting: LHB Juan Moreno 0-0: Hit by Pitch
Batting: RHB Jesús Carranza 0-0: Ball
1-0: Ball
2-0: Called Strike
2-1: Called Strike
2-2: Strikes out swinging
Bottom of the 9th over - 0 runs, 0 hits, 0 errors, 1 left on base; Lehigh Valley 9 - St. Paul 6
Friday, May 3rd , 2024 - OOTP Baseball 24.10 Build 82